 Dungeon Crawl Stone Soup version 0.28-a0-1493-g08698888e4 (webtiles) character file.

Game seed: 7441307144151361010

56 cheechan the Chopper (level 3, 0/34 HPs)
             Began as a Naga Chaos Knight on Jan 12, 2022.
             Was a Plaything of Xom.
             Slain by a bat (1 damage)
             ... on level 2 of the Dungeon.
             The game lasted 00:04:41 (1201 turns).

cheechan the Chopper (Naga Chaos Knight)            Turns: 1201, Time: 00:04:42

Health: 0/34       AC:  5    Str: 16    XL:     3   Next: 97%
Magic:  3/3        EV:  9    Int: 10    God:    Xom [.*....]
Gold:   56         SH:  0    Dex: 10    Spells: 2/2 levels left

rFire   . . .      SeeInvis +   a - +1 hand axe (chaos)
rCold   . . .      Faith    .   (no shield)
rNeg    . . .      Spirit   .   b - +3 leather armour
rPois   +          Reflect  .   (no helmet)
rElec   .          Harm     .   (no cloak)
rCorr   .          Rampage  .   (no gloves)
Will    .....                   (no barding)
Stlth   +.........              (no amulet)
HPRegen 0.11/turn               (no ring)
MPRegen 0.08/turn               (no ring)

@: invisible, very slow
A: AC +1, large, see invisible, deformed body, poison resistance, slowness 2,
spit poison 1, naga tail 1, dopey 1, sturdy frame 1
a: Spit Poison, Renounce Religion


You were on level 2 of the Dungeon.
You worshipped Xom.
You were a plaything of Xom.
You visited 1 branch of the dungeon, and saw 2 of its levels.

You collected 56 gold pieces.

Inventory:

Hand Weapons
 a - a +1 hand axe of chaos (weapon)
Missiles
 c - 9 stones
Armour
 b - a +3 leather armour (worn)
Scrolls
 d - a scroll of identify
 i - a scroll of enchant armour
Potions
 h - a potion of lignification {unknown}


   Skills:
 + Level 3.5 Fighting
 + Level 3.7 Axes
 + Level 1.7 Armour
 + Level 1.5 Dodging
 + Level 0.3 Stealth


You had 2 spell levels left.
You didn't know any spells.
Your spell library was empty.

Dungeon Overview and Level Annotations

Branches:
Dungeon (2/15)

Altars:


Innate Abilities, Weirdness & Mutations

Your serpentine skin is tough. (AC +1)
You have supernaturally acute eyesight. (SInv)
Armour fits poorly on your strangely shaped body.
Your system is resistant to poisons. (rPois)
You cover ground very slowly.
You can spit poison.
You have a snake-like lower body.
You are dopey. (Int -2)
Your movements are slightly less encumbered by armour. (ER -2)


Message History

Found a ring mail.
Xom roars with laughter!
Aiming: Spit Poison (2% risk of failure)
Press: ? - help, Q - select action, (/) - cycle Shift-Dir - straight line, f - gnoll
Aim: a gnoll, wielding a +0 spear (65% to hit)
The splash of poison misses the gnoll.
Unknown command.
A quokka comes into view.
Found a stone staircase leading up.
The gnoll misses you. The gnoll hits you but does no damage.
The gnoll completely misses you.
You completely miss the gnoll.
You have got your breath back.
The gnoll closely misses you. The gnoll hits you with a +0 spear.
You closely miss the gnoll. The gnoll closely misses you.
The gnoll hits you with a +0 spear.
Aiming: Spit Poison (2% risk of failure)
Press: ? - help, Q - select action, (/) - cycle Shift-Dir - straight line, f/p - gnoll
Aim: a gnoll, wielding a +0 spear (65% to hit)
The splash of poison hits the gnoll.
The gnoll is poisoned.
The gnoll is lightly wounded.
The gnoll hits you from afar with a +0 halberd.
The gnoll barely misses you.
You closely miss the gnoll.
The gnoll is moderately wounded.
The gnoll hits you from afar with a +0 halberd!
The gnoll barely misses you.
You hit the gnoll.
Space warps around the gnoll!
You kill the gnoll!
You have got your breath back.
The bat hits you but does no damage. x2
The gnoll hits you from afar with a +0 halberd!
* * * LOW HITPOINT WARNING * * *
A shower of butterflies erupts from you!
The gnoll barely misses you.
Okay, then.
Okay, then.
You fade into invisibility!
The bat closely misses you. The bat hits you.
You die...
Xom yawns loudly!

# #..... #..#####
#. #.# #.. #.##..
.. # #.....
#.#....#### ##..
#..b..#####.
..... #.b........
......#bb........
.....rb@b........
.....g##########.
..... .<.. ... ..
.


You could see a gnoll (ally target), a quokka and a bat.

Vanquished Creatures
  2 gnolls
  A worm (D:2)
  3 dart slugs
  An endoplasm (D:1)
  A giant cockroach (D:2)
  3 hobgoblins
  5 kobolds
  A quokka (D:1)
  6 ball pythons
  4 bats
  A frilled lizard (D:1)
  3 rats
31 creatures vanquished.

Notes
Turn   | Place    | Note
-------+----------+-------------------------------------------
     0 | D:1      | cheechan the Naga Chaos Knight began the quest for the Orb.
     0 | D:1      | Reached XP level 1. HP: 21/21 MP: 1/1
   117 | D:1      | XOM: silly message
   140 | D:1      | XOM: 1-stop teleportation journey
   230 | D:1      | Reached skill level 1 in Dodging
   230 | D:1      | Reached XP level 2. HP: 18/28 MP: 2/2
   320 | D:1      | Found a faded altar of an unknown god.
   571 | D:1      | XOM: give mutations
   571 | D:1      | Gained mutation: Your flesh is heat resistant. (rF+) [Xom's
                  | mischief]
   571 | D:1      | Lost mutation: Your flesh is heat resistant. (rF+) [Xom's
                  | mischief]
   571 | D:1      | Gained mutation: You are dopey. (Int -2) [Xom's mischief]
   571 | D:1      | Gained mutation: Your movements are slightly less
                  | encumbered by armour. (ER -2) [Xom's mischief]
   897 | D:1      | Reached XP level 3. HP: 34/34 MP: 3/3
   981 | D:1      | You fall into a shaft and drop 1 floor!
  1200 | D:2      | HP: 1/34 [gnoll (12)]
  1200 | D:2      | XOM: butterfly on damage
  1201 | D:2      | Slain by a bat

Illustrated notes

Levels and vault maps discovered:
D:1:      lemuel_arrival_room, layout_basic, basic_ecumenical_altar
D:2:      layout_rooms

Skill      XL: |  1 |
---------------+----+-----
Dodging        | 1 |  1.5
Fighting       | |  3.5
Axes           | |  3.7
Armour         | |  1.7
Stealth        | |  0.3

Action                   || total
-------------------------++-------
Melee: Hand axe          ||    69
       Punch             ||     1
 Abil: Spit Poison       ||    21
  Use: Scroll            ||     8
       Potion            ||     1
Armor: Leather armour    ||    57
Dodge: Dodged            ||    64

Table legend: (Time is in decaauts)
 A = Elapsed time spent in this place.
 B = Non-inter-level travel time spent in this place.
 C = Inter-level travel time spent in this place.
 D = Time resting spent in this place.
 E = Time spent auto-exploring this place.
 F = Levels seen in this place.
 G = Mean time per level.
                   A        B        C        D        E       F      G
               +--------+--------+--------+--------+--------+-----+--------+
         Total |   1642 |   1642 |      0 |      0 |      0 |   2 |  821.0 |
       Dungeon |   1642 |   1642 |      0 |      0 |      0 |   2 |  821.0 |
               +--------+--------+--------+--------+--------+-----+--------+

Top non-repeatable levels by time:
     D:1: 1350 daAuts
     D:2: 292 daAuts
